General information
- name: BNet
- type: Ladder 1vs1/FFA
- host: Battle.net
- saver: GnR134
map: SecretValley
- players: 2
- length: 20:28
- speed: Fast
- version: 1.26 W3XP
- replay type: Public
» download(75 KB)
Players
team 1 (loser)

»
AndrossKillzGod (
orange | 69 APM | 1395 actions | 20:16)
5 Death Knight
2 Death Coil
3 Unholy Aura
3 Dreadlord
2 Sleep
1 Vampiric Aura
» actions
| Assign group hotkey | 3 | |
| Basic commands | 3 | |
| Build / train | 52 | |
| Enter build submenu | 12 | |
| Enter hero's abilities submenu | 8 | |
| Give item / drop item | 1 | |
| Right click | 901 | |
| Select / deselect | 357 | |
| Select group hotkey | 3 | |
| Use ability | 55 | |
1395 total
» units
| Acolyte | 2 | |
| Ghoul | 4 | |
| Crypt Fiend | 12 | |
| Obsidian Statue | 7 | |
| Abomination | 3 | |
28 total
» upgrades
| Creature Attack | 2 | |
| Creature Carapace | 2 | |
| Destroyer Form | 1 | |
| Web | 1 | |
6 total
» buildings
| Crypt | 1 | |
| Graveyard | 1 | |
| Ziggurat | 6 | |
| Altar of Darkness | 1 | |
| Nerubian Tower | 1 | |
| Tomb of Relics | 1 | |
| Halls of the Dead | 1 | |
| Slaughterhouse | 2 | |
| Black Citadel | 1 | |
15 total
» build order
00:07 Crypt
00:14 Graveyard
00:40 Ziggurat
01:00 Altar of Darkness
01:50 Ziggurat
02:24 Nerubian Tower
03:20 Tomb of Relics
03:44 Ziggurat
05:08 Halls of the Dead
06:31 Ziggurat
07:53 Slaughterhouse
07:55 Black Citadel
08:08 Slaughterhouse
12:10 Ziggurat
12:24 Ziggurat
» items
| Rod of Necromancy | 2 | |
| Orb of Corruption | 1 | |
| Scroll of Town Portal | 1 | |
| Potion of Healing | 1 | |
5 total
team 2 (winner)
GnR134 (
blue | 162 APM | 3324 actions | 20:28)
6 Demon Hunter
3 Mana Burn
2 Evasion
1 Metamorphosis
3 Keeper of the Grove
2 Entangling Roots
1 Force of Nature
» actions
| Assign group hotkey | 40 | |
| Basic commands | 18 | |
| Build / train | 77 | |
| Enter build submenu | 19 | |
| Enter hero's abilities submenu | 9 | |
| Remove unit from queue | 2 | |
| Right click | 1294 | |
| Select / deselect | 521 | |
| Select group hotkey | 1248 | |
| Use ability | 96 | |
3324 total
» units
| Wisp | 24 | |
| Huntress | 4 | |
| Druid of the Claw | 3 | |
| Dryad | 7 | |
| Chimaera | 4 | |
| Hippogryph | 4 | |
46 total
» upgrades
| Sentinel | 1 | |
| Druid of the Claw Training | 2 | |
| Well Spring | 1 | |
| Reinforced Hides | 1 | |
| Abolish Magic | 1 | |
| Ultravision | 1 | |
| Strength of the Wild | 2 | |
| Mark of the Claw | 1 | |
10 total
» buildings
| Altar of Elders | 1 | |
| Moon Well | 6 | |
| Hunter's Hall | 1 | |
| Ancient of War | 1 | |
| Ancient of Wonders | 1 | |
| Tree of Ages | 2 | |
| Ancient Protector | 3 | |
| Ancient of Lore | 2 | |
| Tree of Eternity | 1 | |
| Ancient of Wind | 1 | |
| Chimaera Roost | 1 | |
| Tree of Life | 1 | |
21 total
» build order
00:03 Altar of Elders
00:17 Moon Well
01:42 Hunter's Hall
01:49 Ancient of War
02:12 Moon Well
02:26 Ancient of Wonders
03:28 Tree of Ages
03:28 Tree of Ages
03:34 Ancient Protector
03:59 Moon Well
05:30 Moon Well
05:55 Ancient of Lore
05:57 Ancient of Lore
07:54 Tree of Eternity
10:04 Ancient of Wind
11:32 Chimaera Roost
12:45 Moon Well
12:47 Moon Well
15:13 Ancient Protector
16:04 Tree of Life
16:14 Ancient Protector
» items
| Moonstone | 1 | |
| Lesser Clarity Potion | 2 | |
| Scroll of Protection | 1 | |
4 total
Chat log
(00:04 / All) GnR134: HAHAH
(00:07 / All) GnR134: you dumb maphacking fuck
(00:09 / All) GnR134: lmaaooooooooo
(00:15 / All) GnR134: how's your ass from yesterday?
(00:24 / All) GnR134: and you ban me.. replay posted noob
(00:28 / All) GnR134: so the world can see your noobness
(00:31 / All) GnR134: even with hacks you suck balls
(00:32 / All) GnR134: big time
(00:34 / All) GnR134: this game is not for you
(00:39 / All) GnR134: what happened
(00:42 / All) GnR134: daddy used to fuck you in the ass
(00:45 / All) GnR134: and it hurt?
(00:48 / All) GnR134: you have to hack to win?
(00:51 / All) GnR134: eases the pain?
(00:54 / All) GnR134: makes you feel better?
(00:56 / All) GnR134: hahahaaaaaaaaaaaaaaaahaha
(01:13 / All) GnR134: stupid useless fuck
(01:31 / All) GnR134: and you had ud yesterday
(01:34 / All) GnR134: and got owned
(02:03 / All) GnR134: i'll play.. just to try to fuck you in the ass again
(02:06 / All) GnR134: ob
(03:18 / All) GnR134: nice surround
(03:20 / All) GnR134: dumb fuck
(05:35 / All) GnR134: leave you dumb fuck
(08:27 / All) GnR134: mnooob
(14:53 / All) GnR134: leave you fuck
(14:54 / All) GnR134: useless
(17:44 / All) GnR134: leave yo fuck
(19:03 / All) GnR134: leave you useless fuck
(20:11 / All) GnR134: nooob